 Dungeon Crawl Stone Soup version 0.15.0-25-gd84c1e8 (webtiles) character file.

175 Kashira the Magician (level 5, 0/44 HPs)
             Began as a Naga Wizard on Sept 10, 2014.
             Slain by a sky beast (5 damage)
             ... on Level 3 of the Dungeon.
             The game lasted 00:13:29 (3029 turns).

Kashira the Magician (Naga Wizard)                  Turns: 3029, Time: 00:13:33

HP   0/44        AC  4     Str  9      XL: 5   Next: 55%
MP   1/13        EV  9     Int 20      God:
Gold 210         SH  0     Dex  9      Spells:  5 memorised,  1 level left

rFire  . . .     SeeInvis +     x - +0 spear
rCold  . . .     Clarity  +     e - +0 leather armour
rNeg   . . .     rCorr    .     (no shield)
rPois  +         rRot     .     m - +0 helmet (curse)
rElec  .         Spirit   .     (no cloak)
SustAb .         Warding  .     (no gloves)
rMut   .         Stasis   .     (no barding)
Gourm  .                        g - amulet of clarity
MR     .....                    (no ring)
                                z - ring of wizardry

@: short of breath, very slow, not resistant to hostile enchantments, unstealthy
A: spit poison, see invisible, deformed body, poison resistance, slowness 2, AC
+1
a: Spit Poison


You were on level 3 of the Dungeon.
You were very hungry.

You visited 1 branch of the dungeon, and saw 3 of its levels.

You collected 210 gold pieces.

Inventory:

Hand weapons
 t - a +0 dagger
 x - a +0 spear (weapon)
Armour
 b - a +0 hat
 e - a +0 leather armour (worn)
 m - a cursed +0 helmet (worn)
Magical devices
 y - a wand of digging (13) {unknown}
Comestibles
 d - 2 bread rations
 k - a royal jelly
 q - 2 beef jerkies
 w - 2 meat rations
Scrolls
 h - 3 scrolls of identify
 i - a scroll of fear {unknown}
 n - a scroll of recharging {unknown}
 s - a scroll of teleportation {unknown}
 u - 4 scrolls of remove curse {unknown}
Jewellery
 g - an amulet of clarity (around neck)
 z - a ring of wizardry (left hand)
Potions
 f - 2 potions of heal wounds
 j - 2 potions of curing {unknown}
 l - a potion of degeneration {unknown}
 o - a potion of cure mutation {unknown}
 p - a potion of mutation {unknown}
 r - 3 potions of brilliance {unknown}
 v - a potion of beneficial mutation {unknown}
Books
 c - a book of Minor Magic

   Spells                             Type                      Level
   *Magic Dart                        Conjuration                  1
   *Blink                             Translocation                2
   Call Imp                           Summoning                    2
   *Repel Missiles                    Charms/Air                   2
   Slow                               Hexes                        2
   *Conjure Flame                     Conjuration/Fire             3
   *Mephitic Cloud                    Conjuration/Poison/Air       3


   Skills:
 + Level 1.2 Fighting
 + Level 1.2 Armour
 + Level 2.0 Dodging
 - Level 3.1 Stealth
 * Level 4.3 Spellcasting
 + Level 2.0 Conjurations
 + Level 0.2 Charms
   Level 1.0 Summonings
 + Level 1.0 Translocations
 + Level 0.2 Fire Magic
 + Level 1.0 Air Magic
 + Level 0.6 Poison Magic


You had one spell level left.
You knew the following spells:

 Your Spells              Type           Power        Failure   Level  Hunger
a - Magic Dart            Conj           ##..         2%          1    None
b - Mephitic Cloud        Conj/Pois/Air  #.......     10%         3    ###....
c - Conjure Flame         Conj/Fire      #.......     10%         3    ###....
d - Blink                 Tloc           N/A          6%          2    #......
e - Repel Missiles        Chrm/Air       #.....       7%          2    #......


Dungeon Overview and Level Annotations

Branches:
Dungeon (3/15)

Altars:


Innate Abilities, Weirdness & Mutations

You cannot wear boots.
You can spit poison.
Your serpentine skin is tough (AC +1).
You have supernaturally acute eyesight.
Armour fits poorly on your strangely shaped body.
Your system is resistant to poisons.
You cover ground very slowly.


Message History

The sky beast is almost dead.
The sky beast misses you.
The sky beast hits you but does no damage.
You hit the sky beast but do no damage.
The sky beast is almost dead.
You have got your breath back.
The sky beast hits you.
* * * LOW HITPOINT WARNING * * *
The sky beast shocks you.
* * * LOW HITPOINT WARNING * * *
Use which ability? (? or * to list)
Press: ? - help, Shift-Dir - straight line, f/p - sky beast
Aim: a sky beast (almost dead)
The splash of poison misses the sky beast.
You feel slightly more hungry.
The sky beast flickers out of sight for a moment.
The sky beast hits you.
* * * LOW HITPOINT WARNING * * *
The sky beast shocks you.
You die...

..#####.########..###............
........# #...##..........##
..#.##..# #.#.##..........#
###.....# #.#..#..........##
###.##.## #.##.#####.####...
....##.############.#####.# #...
...........)............#.####...
###..#.##...#############....#.##
# #..#.##..##...@...#####....#.##
# #..#.##..#.⌠##Y##⌠.#...........
###..#.##..# #...##.#.......#.##
...........# #.⌠.⌠.#.#...........
......%...## #..<..#.###..####.##
.##..#.##.## #.⌠.⌠.#.###...###.##
.##........#.##...##.#.........##
...........#.⌠#####⌠.#.....######
###..#%##.###.......##.....######


You could see a sky beast (invisible).

Vanquished Creatures
  An orc priest (D:3)
  Terence (D:2)
  6 adders
  A giant mite (D:2)
  A worm (D:1)
  3 giant geckos
  2 orcs (D:3)
  8 hobgoblins
  2 quokkas (D:2)
  2 ball pythons
  4 bats
  4 giant cockroaches
  3 giant newts (D:2)
  11 goblins
  4 jackals (D:1)
  11 kobolds
  4 rats
68 creatures vanquished.

Notes
Turn   | Place    | Note
--------------------------------------------------------------
     0 | D:1      | Kashira, the Naga Wizard, began the quest for the Orb.
     0 | D:1      | Reached XP level 1. HP: 15/15 MP: 4/4
   172 | D:1      | Reached XP level 2. HP: 20/22 MP: 0/6
   894 | D:1      | Reached XP level 3. HP: 28/28 MP: 5/8
   899 | D:1      | Learned a level 3 spell: Mephitic Cloud
   903 | D:1      | Learned a level 3 spell: Conjure Flame
   906 | D:1      | Learned a level 2 spell: Blink
  1382 | D:2      | Reached skill level 4 in Spellcasting
  1382 | D:2      | Reached XP level 4. HP: 37/37 MP: 7/11
  1416 | D:2      | Learned a level 2 spell: Repel Missiles
  2135 | D:2      | Reached skill level 1 in Armour
  2225 | D:3      | Noticed Terence
  2291 | D:2      | Killed Terence
  2291 | D:2      | Reached XP level 5. HP: 22/43 MP: 0/13
  2607 | D:3      | Reached skill level 1 in Fighting
  2759 | D:3      | Reached skill level 1 in Air Magic
  3003 | D:3      | Noticed a sky beast
  3029 | D:3      | Slain by a sky beast

Action                   |  1- 3 |  4- 6 || total
-------------------------+-------+-------++-------
Melee: Unarmed           |     7 |       ||     7
       Dagger            |       |    18 ||    18
       Spear             |       |    15 ||    15
 Cast: Magic Dart        |    58 |    68 ||   126
       Mephitic Cloud    |     1 |     7 ||     8
       Repel Missiles    |       |     1 ||     1
       Conjure Flame     |       |     3 ||     3
 Abil: Spit Poison       |    28 |    33 ||    61
  Use: Scroll            |       |     2 ||     2
  Eat: Chunk             |     2 |     8 ||    10
